 Dungeon Crawl Stone Soup version 0.19.5 (webtiles) character file.

19 Keye the Grave Robber (level 2, -3/19 HPs)
             Began as a Demonspawn Necromancer on May 3, 2017.
             Slain by Natasha (5 damage)
             ... on level 2 of the Dungeon.
             The game lasted 00:04:58 (1210 turns).

Keye the Grave Robber (Demonspawn Necromancer)      Turns: 1210, Time: 00:04:59

Health: -3/19      AC:  2    Str:  8    XL:     2   Next: 55%
Magic:  1/5        EV: 12    Int: 16    God:
Gold:   24         SH:  0    Dex: 13    Spells: 2 memorised, 4 levels left

rFire  . . .     SeeInvis .     f - +1 dagger (venom)
rCold  . . .     Gourm    .     a - +0 robe
rNeg   . . .     Faith    .     (no shield)
rPois  .         Spirit   .     (no helmet)
rElec  .         Reflect  .     (no cloak)
rCorr  .         Harm     .     (no gloves)
MR     .....                    (no boots)
Stlth  ++........               (no amulet)
                                (no ring)
                                (no ring)

@: slowed, very slow
A: rot immunity
a: no special abilities


You were on level 2 of the Dungeon.
You were not hungry.

You visited 1 branch of the dungeon, and saw 2 of its levels.

You collected 24 gold pieces.

Inventory:

Hand Weapons
 e - a +0 dagger
 f - a +1 dagger of venom (weapon)
Armour
 a - a +0 robe (worn)
Jewellery
 g - an uncursed ring of resist corrosion {unknown}
Scrolls
 h - a scroll of noise {unknown}
 l - a scroll of immolation {unknown}
Potions
 d - a potion of might {unknown}
 j - a potion of mutation {unknown}
Books
 b - a book of Necromancy

   Spells                             Type                      Level
   a - Pain                           Necromancy                   1
   b - Animate Skeleton               Necromancy                   1
   c - Vampiric Draining              Necromancy                   3
   d - Regeneration                   Charms/Necromancy            3
   e - Animate Dead                   Necromancy                   4
   f - Control Undead                 Necromancy                   4
Comestibles
 c - a bread ration
 i - a meat ration
 k - 4 chunks of flesh


   Skills:
 - Level 1.7 Dodging
 - Level 1.7 Stealth
 + Level 2.5 Spellcasting
 + Level 4.8 Necromancy


You had 4 spell levels left.
You knew the following spells:

 Your Spells              Type           Power        Failure   Level  Hunger
a - Pain                  Necr           ###.         3%          1    #......
b - Animate Skeleton      Necr           N/A          3%          1    #......


Dungeon Overview and Level Annotations

Branches:
Dungeon (2/15)

Altars:

Annotations:
D:2 Natasha


Innate Abilities, Weirdness & Mutations

You are immune to rotting.


Message History

You feel yourself slow down.
Natasha stares at you and mumbles some strange words.
You feel as though you will be slow longer.
Natasha wildly gestures.
Natasha glows brightly for a moment.
The iron imp grinds its teeth.
The iron imp disappears in a puff of smoke!
Natasha casts a spell at you.
You feel as though you will be slow longer.
Casting: Pain
Confirm with . or Enter, or press ? or * to list all spells.
Aiming: Pain
Press: ? - help, Shift-Dir - straight line, f/p - Natasha
Aim: Natasha (heavily wounded, chance to defeat MR: 76%) Natasha barely resists.
Natasha mumbles some strange words.
Natasha misses you.
You hit Natasha.
Natasha is poisoned.
Natasha is severely wounded.
Natasha claws you.
You die...

#..........#....
#.....%.......#
#....5.....##.# .#...
#..........##.###.#...
##...8#8..#..........
##..#!#..#........##
#..8#8..#.........##
#.......#..........#
#.......#@.......#
########h........#
#)5.....<.###.#
#...............
#............#..
#.###.##...### #..#
#....### #..## #.####
... ..#


You could see Natasha and a shadow imp.

Vanquished Creatures
  A dart slug (D:1)
  A leopard gecko (D:1)
  A bat (D:1)
  3 goblins (D:1)
  A hobgoblin (D:2)
  4 kobolds (D:1)
  A frilled lizard (D:1)
  4 rats (D:1)
16 creatures vanquished.

Vanquished Creatures (collateral kills)
  A rat (D:1)
1 creature vanquished.

Grand Total: 17 creatures vanquished

Notes
Turn   | Place    | Note
-------+----------+-------------------------------------------
     0 | D:1      | Keye the Demonspawn Necromancer began the quest for the Orb.
     0 | D:1      | Reached XP level 1. HP: 13/13 MP: 3/3
     2 | D:1      | Learned a level 1 spell: Animate Skeleton
   209 | D:1      | Gained mutation: You are immune to rotting. [demonic ancestry]
   209 | D:1      | Reached XP level 2. HP: 12/19 MP: 0/5
  1189 | D:2      | Noticed Natasha
  1192 | D:2      | Noticed a crimson imp
  1210 | D:2      | Slain by Natasha

Action                   || total
-------------------------++-------
Melee: Dagger            ||     5
 Cast: Pain              ||    33
       Animate Skeleton  ||     7
  Eat: Chunk             ||     1
Armor: Robe              ||     2
Dodge: Dodged            ||     7
